 Dungeon Crawl Stone Soup version 0.29.1-1-gd02db6906a (webtiles) character file.

Game seed: 427865502295534395

164 croobank the Caller (level 5, -1/34 HPs)
             Began as an Octopode Summoner on Oct 4, 2022.
             Slain by a nameless horror (4 damage)
             ... created by miscasting Call Canine Familiar
             ... on level 4 of the Dungeon.
             The game lasted 00:14:16 (4066 turns).

croobank the Caller (Octopode Summoner)             Turns: 4066, Time: 00:14:17

Health: -1/34      AC:  1    Str:  7    XL:     5   Next: 45%
Magic:  3/9        EV: 13    Int: 20    God:
Gold:   58         SH:  0    Dex: 12    Spells: 1/10 levels left

rFire   . . .      SeeInvis .   k - +2 mace (holy)
rCold   . . .      Faith    .   (no shield)
rNeg    . . .      Spirit   .   (helmet restricted)
rPois   .          Reflect  .   h - amulet of the acrobat
rElec   .          Harm     .   n - ring of resist corrosion
rCorr   +          Rampage  .   (no ring)
Will    .....                   (no ring)
Stlth   +++.......              (no ring)
HPRegen 0.11/turn               (no ring)
MPRegen 0.11/turn               (no ring)
                                (no ring)
                                (no ring)

@: attractive, very slightly contaminated
A: almost no armour, amphibious, 8 rings, camouflage 1, gelatinous body 1,
(nimble swimmer 1), tentacles
a: no special abilities


You were on level 4 of the Dungeon.
You visited 1 branch of the dungeon, and saw 4 of its levels.

You collected 58 gold pieces.

Inventory:

Hand Weapons
 e - a +0 dagger
 f - a +0 short sword
 i - a +1 hand axe
 k - a +2 mace of holy wrath (weapon)
Magical Staves
 d - a staff of earth
Jewellery
 h - an amulet of the acrobat (around mantle)
 n - a ring of resist corrosion (left tentacle)
Scrolls
 j - a scroll of blinking
 m - 2 scrolls of identify
 o - a scroll of silence {unknown}
Potions
 c - 2 potions of mutation
 g - a potion of attraction
 l - a potion of heal wounds {unknown}


   Skills:
 + Level 2.2 Fighting
 + Level 3.1 Dodging
 - Level 2.6 Stealth
 + Level 3.0 Spellcasting
 + Level 0.3 Hexes
 + Level 4.7 Summonings


You had one spell level left.
You knew the following spells:

 Your Spells              Type           Power      Damage    Failure   Level
a - Summon Small Mammal   Summ           88%        N/A       1%          1
b - Call Imp              Summ           22%        N/A       3%          2
c - Call Canine Familiar  Summ           22%        N/A       6%          3
d - Summon Guardian Gole  Hex/Summ       13%        N/A       16%         3

Your spell library contained the following spells:

 Spells                   Type           Power      Damage    Failure   Level
 Gell's Gravitas          Tloc           3%         N/A       38%         3
 Teleport Other           Tloc           3%         N/A       38%         3
 Summon Lightning Spire   Summ/Air       12%        N/A       47%         4
 Summon Forest            Summ/Tloc      6%         N/A       83%         5
 Dispersal                Tloc           1%         N/A       100%        6
 Eringya's Noxious Bog    Tmut/Pois      1%         N/A       100%        6
 Summon Hydra             Summ           11%        N/A       100%        7


Dungeon Overview and Level Annotations

Branches:
Dungeon (4/15)             Temple (0/1) D:4

Altars:
Ashenzari
Kikubaaqudgha
Trog


Innate Abilities, Weirdness & Mutations

You cannot wear most types of armour.
You are amphibious.
You can wear up to eight rings at the same time.
Your skin changes colour to match your surroundings (Stealth+).
Your rubbery body absorbs attacks. (AC +1, EV +1)
((You are camouflaged when in or above water. (Stealth+)))
You have tentacles for arms and can constrict up to eight enemies at once.


Message History

The dart slug barely misses you.
You hit the dart slug.
The dart slug is severely wounded.
You constrict the dart slug. The orc misses your hound.
The dart slug launches a dart at you. The slug dart hits you.
The orc hits your hound with a +0 club.
Your hound dies!
Your hound's corpse disappears in a puff of smoke!
Magic courses through your body.
You constrict the dart slug.
The orc throws a boomerang.
The boomerang barely misses you. The dart slug barely misses you.
Casting: Call Canine Familiar (dangerous; 6% risk of failure)
Confirm with . or Enter, or press ? or * to list all spells.
You miscast Call Canine Familiar.
You are very lightly contaminated with residual magic.
A fistful of eyes flickers past your view.
A nameless horror comes into view.
You constrict the dart slug.
You kill the dart slug!
The orc attacks as you move away! The orc misses you.
The nameless horror completely misses you.
Casting: Call Canine Familiar (dangerous; 6% risk of failure)
Confirm with . or Enter, or press ? or * to list all spells.
The orc closely misses you. The nameless horror hits you.
* * * LOW HITPOINT WARNING * * *
You feel your power leaking away.
You hit the nameless horror.
The nameless horror is moderately damaged.
The orc hits you with a +0 club.
* * * LOW HITPOINT WARNING * * *
Send 'em back where they came from!
Your hound shudders.
Your hound bites the nameless horror but does no damage.
Okay, then.
It was a potion of attraction.
You feel attractive to monsters.
Your hound bites the nameless horror.
The orc hits you with a +0 club.
* * * LOW HITPOINT WARNING * * *
The nameless horror hits you.
You die...

......,,,..........#
.....#***########..#######
.....# #.....<..# .....#
#.####.### .....# #.# #.#
ยง....# #.# #.# .....# #.#
#.# )....############h#
#.# ......)......).o@X#
#.# .(...##############
#.# .....# #.# ###..#####
#.#
.........#############.#
.........##............#
.........##.############
.........##.##############
.........##.#............#


You could see a nameless horror (ally target), an orc and a friendly hound
(summoned).

Vanquished Creatures
  A dart slug (D:4)
  2 endoplasms
  A giant cockroach (D:1)
  2 hobgoblins
  2 jackals
  3 quokkas
  A ball python (D:4)
  A frilled lizard (D:2)
  A kobold (D:1)
  A rat (D:1)
15 creatures vanquished.

Vanquished Creatures (collateral kills)
  A hound (D:4)
  An orc wizard (D:4)
  2 adders
  A shadow imp (D:3)
  4 orcs
  5 ball pythons
  4 endoplasms
  A giant cockroach (D:1)
  A goblin (D:2)
  6 hobgoblins
  12 jackals
  2 quokkas (D:2)
  2 bats
  4 frilled lizards
  3 kobolds
  7 rats
56 creatures vanquished.

Grand Total: 71 creatures vanquished

Notes
Turn   | Place    | Note
-------+----------+-------------------------------------------
     0 | D:1      | croobank the Octopode Summoner began the quest for the Orb.
     0 | D:1      | Reached XP level 1. HP: 11/11 MP: 3/3
   432 | D:1      | Reached XP level 2. HP: 18/18 MP: 0/5
   446 | D:1      | Learned a level 2 spell: Call Imp
  1114 | D:1      | Reached skill level 1 in Fighting
  1227 | D:1      | Reached XP level 3. HP: 23/23 MP: 1/6
  1233 | D:1      | Learned a level 3 spell: Call Canine Familiar
  2433 | D:2      | Found a faded altar of an unknown god.
  2748 | D:2      | Reached XP level 4. HP: 28/28 MP: 7/7
  3272 | D:3      | Found an ancient bone altar of Kikubaaqudgha.
  3618 | D:3      | Found a bloodstained altar of Trog.
  3618 | D:3      | Found a broken altar of Ashenzari.
  3814 | D:4      | Noticed a two-headed ogre
  3885 | D:4      | Reached XP level 5. HP: 32/34 MP: 3/9
  3889 | D:4      | Learned a level 3 spell: Summon Guardian Golem
  4066 | D:4      | Slain by a nameless horror

Illustrated notes

Levels and vault maps discovered:
D:1:      lemuel_arrival_broad_hall, layout_basic
D:2:      layout_basic, hellmonk_ecumenical_altar_dog_temple
D:3:      layout_rooms, kiku_gazebo_pond_becter,
          gammafunk_temple_overflow_elements
D:4:      layout_basic, minmay_temple_entry_enclosed_plants, uniq_eustachio

Skill      XL: |  1  2  3  4  5 |
---------------+----------------+-----
Fighting       | 1 2 |  2.2
Dodging        | 3 |  3.1
Spellcasting   | 3 |  3.0
Stealth        | |  2.6
Hexes          | |  0.3
Summonings     | |  4.7

Action                   |  1- 3 |  4- 6 || total
-------------------------+-------+-------++-------
Melee: Unarmed           |     7 |       ||     7
       Tentacles         |     6 |     1 ||     7
       Constrict         |     9 |     3 ||    12
       Short sword       |    13 |       ||    13
       Hand axe          |     5 |       ||     5
       Mace              |       |    13 ||    13
 Cast: Summon Small Mamm |    56 |    15 ||    71
       Call Imp          |    16 |     8 ||    24
       Call Canine Famil |     5 |    14 ||    19
       Summon Guardian G |       |     1 ||     1
  Use: Scroll            |     4 |     2 ||     6
       Potion            |       |     2 ||     2
 Stab: Sleeping          |     1 |     2 ||     3
Armor: Skin              |     2 |     3 ||     5
Dodge: Dodged            |    23 |    25 ||    48
